 Dungeon Sprint DCSS version 0.18-a0-596-g6468885 (webtiles) character file.

238 shane the Grappler (level 5, 0/78 HPs)
             Began as a Minotaur Monk on Dec 3, 2015.
             Was an Elder of the Shining One.
             Succumbed to a redback's poison
             ... in the Dungeon (Sprint V: "Ziggurat Sprint").
             The game lasted 00:07:23 (378 turns).

shane the Grappler (Minotaur Monk)                   Turns: 378, Time: 00:07:23

Health: 0/78       AC:  4    Str: 33    XL:     5   Next: 78%
Magic:  4/4        EV: 15    Int:  7    God:    the Shining One [****..]
Gold:   0          SH:  0    Dex: 13    Spells: 0 memorised, 4 levels left

rFire  . . .     SeeInvis .       - Unarmed
rCold  . . .     Clarity  .     a - +0 robe
rNeg   + + .     SustAt   .     (no shield)
rPois  .         Gourm    .     (helmet restricted)
rElec  .         Spirit   .     (no cloak)
rCorr  .         Dismiss  .     L - +1 pair of gloves {archery}
rMut   .         NoTele   +     (no boots)
MR     .....                    (no amulet)
Stlth  ..........               B - +6 ring of strength
                                A - +6 ring of strength

@: berserking, lethally poisoned (0 -> -24), very slightly contaminated,
glowing, very quick, not resistant to hostile enchantments, extremely unstealthy
A: retaliatory headbutt, horns 2
a: Divine Shield, Cleansing Flame, Renounce Religion


You were in the Dungeon.
You worshipped the Shining One.
The Shining One was greatly pleased with you.
You were not hungry.

You visited 1 branch

Inventory:

Hand Weapons
 F - the +7 Singing Sword
   (You found it in the Dungeon)
 G - the +0 Sword of Power
   (You found it in the Dungeon)
 H - the +8 lance "Wyrmbane" {slay drac, +Rage rPois rF+ AC+5}
   (You found it in the Dungeon)

   It affects your AC (+5).
   It protects you from fire.
   It protects you from poison.
   It lets you go berserk.
 I - the +14 plutonium sword {*Contam Stlth-}
   (You found it in the Dungeon)

   It causes magical contamination when unequipped.
   It makes you less stealthy.
 J - a +5 demon blade
Armour
 a - a +0 robe (worn)
 K - a +5 crystal plate armour
 L - a +1 pair of gloves of archery (worn)
Jewellery
 w - a +6 ring of dexterity
 x - a +6 ring of dexterity
 y - a +6 ring of intelligence
 z - a +6 ring of intelligence
 A - a +6 ring of strength (left hand)
 B - a +6 ring of strength (right hand)
Wands
 C - a wand of disintegration (5)
 D - a wand of fire (1)
 E - a wand of cold (5)
Scrolls
 h - 3 scrolls of blinking
 n - 4 scrolls of amnesia
 o - 3 scrolls of recharging
 p - 7 scrolls of fog
 q - a scroll of holy word
 r - 5 scrolls of identify
 s - 5 scrolls of remove curse
 t - a scroll of fear
Potions
 c - 9 potions of curing
 d - 9 potions of heal wounds
 e - 6 potions of haste
 f - 7 potions of magic
 g - 2 potions of berserk rage
 i - 2 potions of brilliance
 j - 4 potions of resistance
 k - a potion of experience
 l - 5 potions of agility
 m - 5 potions of might
Comestibles
 b - 5 bread rations
 u - 42 fruits
 v - 4 meat rations


   Skills:
 + Level 7.6 Fighting
 + Level 7.1 Dodging
 + Level 2.3 Stealth
 + Level 10.3 Unarmed Combat
 + Level 1.0 Evocations


You had 4 spell levels left.
You didn't know any spells.

Dungeon Overview and Level Annotations

Branches:
Dungeon (1/1)

Altars:
Ashenzari
Cheibriados
Dithmenos
Elyvilon
Fedhas
Gozag
Kikubaaqudgha
Makhleb
Nemelex Xobeh
Okawaru
Pakellas
Qazlal
Ru
Sif Muna
Trog
Vehumet
Xom
Yredelemnul
Zin
The Shining One
Beogh
Jiyva
Lugonu


Innate Abilities, Weirdness & Mutations

You reflexively headbutt those who attack you in melee.
You have a pair of horns on your head.


Message History

Your base Unarmed Combat skill increases to level 10!
Your base Evocations skill increases to level 1!
Your life force feels restored.
* * * LOW HITPOINT WARNING * * *
You feel sick.
You punch the ooze!
The ooze is almost dead.
* * * LOW HITPOINT WARNING * * *
You feel sick. The jelly barely misses you.
Unknown command.
You punch the ooze!
You kill the ooze!
* * * LOW HITPOINT WARNING * * *
You feel sick.
* * * LOW HITPOINT WARNING * * *
You feel sick. The jelly misses you.
You pummel the jelly!!
You kill the jelly!
Your Dodging skill increases to level 7!
You die...

▓▓▓▓▓▓▓▓▓▓▓▓▓▓▓▓▓▓▓
▓.8©8.▓.8©8e▓.8©8.▓
▓.[.|.▓.})[.▓.....▓
▓..[..▓.....▓...:.▓
▓.....▓.es..▓.....▓
▓.....▓.s.r.▓.....▓
▓..J@.▓.e.r.▓.....▓
▓.....▓.r(..▓▓▓▓▓▓▓
▓▓▓▓▓▓▓▓▓▓▓▓▓


You could see an ooze.

Vanquished Creatures
  A flying skull (D)
  2 jellies (D)
  An ufetubus (D)
  An ooze (D)
5 creatures vanquished.

Notes
Turn   | Place    | Note
--------------------------------------------------------------
     0 | D        | shane the Minotaur Monk began the quest for the Orb.
     0 | D        | Reached XP level 1. HP: 19/19 MP: 0/0
     9 | D        | Found a shimmering altar of Xom.
     9 | D        | Found a radiant altar of Vehumet.
     9 | D        | Found an iron altar of Okawaru.
    16 | D        | Found a burning altar of Makhleb.
    25 | D        | Became a worshipper of the Shining One
    25 | D        | Reached * piety under the Shining One
    25 | D        | Reached ** piety under the Shining One
    29 | D        | Found a deep blue altar of Sif Muna.
    31 | D        | Found a bloodstained altar of Trog.
    32 | D        | Found a roughly hewn altar of Beogh.
    32 | D        | Found a viscous altar of Jiyva.
    32 | D        | Found a corrupted altar of Lugonu.
    32 | D        | Found a white marble altar of Elyvilon.
    32 | D        | Found a sparkling altar of Nemelex Xobeh.
    93 | D        | Entered arena 1.
    93 | D        | Noticed a flying skull
    94 | D        | Reached *** piety under the Shining One
    94 | D        | Reached skill level 5 in Unarmed Combat
    96 | D        | Killed a flying skull
    96 | D        | Reached skill level 7 in Fighting
    96 | D        | Reached skill level 9 in Unarmed Combat
    96 | D        | Reached XP level 2. HP: 7/34 MP: 1/1
    96 | D        | Reached XP level 3. HP: 8/39 MP: 2/2
    96 | D        | Reached XP level 4. HP: 9/47 MP: 3/3
    96 | D        | Reached XP level 5. HP: 9/52 MP: 4/4
   361 | D        | Entered arena 2.
   361 | D        | Noticed a deep elf knight
   361 | D        | Noticed a deep elf priest
   361 | D        | Noticed a deep elf summoner
   361 | D        | Reached **** piety under the Shining One
   364 | D        | Noticed a tarantella
   366 | D        | Noticed a redback
   371 | D        | Entered arena 3.
   374 | D        | Reached skill level 10 in Unarmed Combat
   374 | D        | Reached skill level 1 in Evocations
   376 | D        | HP: 3/78 [poisoned by a redback]
   377 | D        | HP: 1/78 [poisoned by a redback]
   378 | D        | Succumbed to a redback's poison

Vault maps used:
D:        sprint_v

Action                   |  1- 3 |  4- 6 || total
-------------------------+-------+-------++-------
Melee: Unarmed           |       |     5 ||     5
Evoke: Wand              |     2 |     4 ||     6
  Use: Potion            |       |     3 ||     3
       Scroll            |       |     2 ||     2
